 Dungeon Crawl Stone Soup version 0.28.0-49-g6dfe1f597d (webtiles) character file.

Game seed: 16649929185199104897

100 Dreadrock the Chopper (level 4, -1/42 HPs)
             Began as a Deep Dwarf Berserker on May 12, 2022.
             Was a Believer of Trog.
             Slain by Sigmund
             ... wielding a +0 scythe
              (7 damage)
             ... on level 2 of the Dungeon.
             The game lasted 00:03:37 (1355 turns).

Dreadrock the Chopper (Deep Dwarf Berserker)        Turns: 1355, Time: 00:03:38

Health: -1/42      AC: 11    Str: 23    XL:     4   Next: 47%
Magic:  3/3        EV:  7    Int:  7    God:    Trog [**....]
Gold:   60         SH:  0    Dex: 12    Spells: 3/3 levels left

rFire   . . .      SeeInvis .   a - +0 hand axe
rCold   . . .      Faith    .   (no shield)
rNeg    . . .      Spirit   .   e - +0 plate armour
rPois   .          Reflect  .   (no helmet)
rElec   .          Harm     .   (no cloak)
rCorr   .          Rampage  .   (no gloves)
Will    .....                   (no boots)
Stlth   ..........              (no amulet)
HPRegen 0.00/turn               (no ring)
MPRegen 0.08/turn               (no ring)

@: on berserk cooldown, slowed, very slow
A: damage resistance, heal wounds, sense surroundings 1, no regeneration
a: Heal Wounds, Renounce Religion, Berserk, Trog's Hand


You were on level 2 of the Dungeon.
You worshipped Trog.
Trog was pleased with you.
You visited 1 branch of the dungeon, and saw 2 of its levels.

You collected 60 gold pieces.

Inventory:

Hand Weapons
 a - a +0 hand axe (weapon)
Armour
 e - a +0 plate armour (worn)
Jewellery
 d - a +6 ring of dexterity
Scrolls
 c - a scroll of identify {unknown}
 f - a scroll of amnesia {unknown}
 h - a scroll of fog {unknown}
 i - a scroll of teleportation {unknown}
 k - a scroll of fear {unknown}
Potions
 b - a potion of degeneration {unknown}
 g - 3 potions of curing {unknown}
 j - a potion of cancellation {unknown}


   Skills:
 + Level 3.3 Fighting
 + Level 4.0 Axes
 + Level 3.2 Armour
 + Level 3.1 Dodging


You had 3 spell levels left.
You didn't know any spells.
Your spell library was empty.

Dungeon Overview and Level Annotations

Branches:
Dungeon (2/15)

Altars:

Annotations:
D:2 Sigmund


Innate Abilities, Weirdness & Mutations

You are resistant to damage.
You can heal yourself by infusing magical energy.
You passively map a small area around you.
You do not regenerate.


Message History

You feel your anger nearly subside.
You are no longer berserk.
You are exhausted.
You feel yourself slow down.
There is a stone staircase leading down, spattered with blood here.
You climb downwards.
Level annotation: Sigmund Sigmund hits you with a +0 scythe!
Sigmund points at you and mumbles some strange words.
The puff of flame hits you!
There is a stone staircase leading up here.
You closely miss Sigmund. Sigmund hits you but does no damage.
You hit Sigmund.
Sigmund is lightly wounded.
Sigmund barely misses you.
You hit Sigmund.
Sigmund is moderately wounded.
Sigmund completely misses you.
You hit Sigmund.
Sigmund is moderately wounded.
Sigmund says, "Don't worry, I'll kill you fast."
Sigmund closely misses you.
You closely miss Sigmund.
Sigmund is moderately wounded.
Sigmund hits you but does no damage.
You hit Sigmund but do no damage.
Sigmund is moderately wounded.
Sigmund mumbles some strange words.
Sigmund flickers and vanishes!
Deactivating autopickup; reactivate with Ctrl-A.
Something hits you.
You miss something. Something hits you but does no damage.
You closely miss something.
You hear some strange, mumbled words.
A puff of flame appears from out of thin air!
The puff of flame misses you.
You hit something but do no damage. Something hits you.
You hit something. Something hits you. Something hits you!
* * * LOW HITPOINT WARNING * * *
You miss something. Something hits you!
You die...

.# #...).....##...<....#
.####....##.#.##........#
..............##........#
...........##..#........#
...........##...........#
...........####.........#
.............##.........#
..####...........########
... ,#.#.##...#{@......#
...#..>#..##.....).....#
.....#.##.#####...รท....#
.....#.. .#** #........#
#.#,.., ..,* #........#
.. ##, .#.....#..##### ,
.#.....#.... *
#.....#.....# , *
#.....#.....#


There were no monsters in sight!

Vanquished Creatures
  Terence (D:2)
  Natasha (D:1)
  An adder (D:2)
  A dart slug (D:1)
  3 ball pythons
  3 bats
  2 giant cockroaches (D:1)
  2 hobgoblins
  10 jackals (D:1)
  A kobold (D:2)
  A quokka (D:1)
  4 goblins (D:1)
  5 rats
35 creatures vanquished.

Vanquished Creatures (others)
  2 plants (D:1)
2 creatures vanquished.

Grand Total: 37 creatures vanquished

Notes
Turn   | Place    | Note
-------+----------+-------------------------------------------
     0 | D:1      | Dreadrock the Deep Dwarf Berserker began the quest for the
                  | Orb.
     0 | D:1      | Reached XP level 1. HP: 20/20 MP: 1/1
    87 | D:1      | Reached XP level 2. HP: 14/27 MP: 2/2
   524 | D:1      | Reached ** piety under Trog
   575 | D:1      | Reached XP level 3. HP: 19/34 MP: 2/2
  1179 | D:2      | Noticed Terence
  1207 | D:2      | Killed Terence
  1208 | D:2      | Reached XP level 4. HP: 42/42 MP: 3/3
  1304 | D:2      | Noticed Sigmund
  1305 | D:2      | Noticed Natasha
  1338 | D:1      | Killed Natasha
  1339 | D:1      | Reached skill level 4 in Axes
  1355 | D:2      | Slain by Sigmund

Illustrated notes

Levels and vault maps discovered:
D:1:      lemuel_arrival_broad_hall, layout_loops_ring, serial_forest,
          infiniplex_forest_end_1, infiniplex_forest_zigzag_1,
          infiniplex_forest_clump_double, infiniplex_forest_clump_C,
          infiniplex_forest_lined_room_, infiniplex_forest_lined_3_way,
          infiniplex_forest_clump_large, infiniplex_forest_straight_2,
          infiniplex_forest_lined_corner, hangedman_abyss_or_decor_stabs,
          serial_bayou_pond_a, fountainhead, kennysheep_decorative_pillar,
          minmay_misc_feat_columns
D:2:      layout_rooms, uniq_natasha, uniq_sigmund, uniq_terence

Skill      XL: |  1  2  3  4 |
---------------+-------------+-----
Fighting       | 3 |  3.3
Armour         | 3 |  3.2
Dodging        | 3 |  3.1
Axes           | 4 |  4.0

Action                   |  1- 3 |  4- 6 || total
-------------------------+-------+-------++-------
Melee: Hand axe          |   114 |    18 ||   132
Invok: Berserk           |     2 |     1 ||     3
 Abil: Heal Wounds       |     2 |     1 ||     3
Armor: Animal skin       |    17 |       ||    17
       Plate armour      |    59 |    14 ||    73
Dodge: Dodged            |    77 |     8 ||    85
